 Dungeon Crawl Stone Soup version 0.29.1-15-g9cfb28693d (webtiles) character file.

Game seed: 3100760972312273451

0 Silvore the Trooper (level 1, -1/18 HPs)
             Began as a Demonspawn Monk on Apr 30, 2023.
             Slain by a kobold
             ... wielding a +4 dagger
              (6 damage)
             ... on level 1 of the Dungeon.
             The game lasted 00:00:19 (184 turns).

Silvore the Trooper (Demonspawn Monk)                Turns: 184, Time: 00:00:19

Health: -1/18      AC:  2    Str: 11    XL:     1   Next: 8%
Magic:  1/1        EV: 12    Int: 11    God:
Gold:   22         SH:  0    Dex: 15    Spells: 0/0 levels left

rFire   . . .      SeeInvis .   a - +0 hand axe
rCold   . . .      Faith    .   (no shield)
rNeg    . . .      Spirit   .   b - +0 robe
rPois   +          Reflect  .   (no helmet)
rElec   .          Harm     .   (no cloak)
rCorr   .          Rampage  .   (no gloves)
Will    .....                   (no boots)
Stlth   +.........              (no amulet)
HPRegen 0.06/turn               f - ring of poison resistance
MPRegen 0.07/turn               (no ring)

@: confused, ambrosia-drunk
A: no striking features
a: no special abilities


You were on level 1 of the Dungeon.
You visited 1 branch of the dungeon, and saw 1 of its levels.

You collected 22 gold pieces.

Inventory:

Hand Weapons
 a - a +0 hand axe (weapon)
Armour
 b - a +0 robe (worn)
Jewellery
 f - a ring of poison resistance (left hand)
Scrolls
 e - 3 scrolls of immolation {unknown}
 h - a scroll of poison {unknown}
Potions
 d - a potion of heal wounds {unknown}
 g - a potion of invisibility {unknown}


   Skills:
 + Level 3.0 Fighting
 + Level 2.6 Axes
 + Level 2.6 Dodging
 + Level 1.8 Stealth


You couldn't memorise any spells.
You didn't know any spells.
Your spell library was empty.

Dungeon Overview and Level Annotations

Branches:
Dungeon (1/15)

Altars:


Message History

You see here a rat corpse.
f - a ring of poison resistance
g - a bubbling puce potion
f - a ring of poison resistance (left hand) HP restored.
You open the door.
There is an open door here.
h - a scroll labelled UXZUGISEMA As you open the door, it creaks loudly!
There is an open door here.
Found a stone staircase leading down.
You now have 22 gold pieces (gained 7).
A kobold comes into view. It is wielding a +4 dagger.
The kobold shouts!
You hit the kobold but do no damage. The kobold closely misses you.
The kobold hits you with a +4 dagger.
You miss the kobold. The kobold hits you with a +4 dagger.
You closely miss the kobold. The kobold completely misses you.
You hit the kobold.
The kobold is moderately wounded.
The kobold barely misses you.
You hit the kobold but do no damage.
The kobold is moderately wounded.
The kobold closely misses you.
You closely miss the kobold.
The kobold is moderately wounded.
The kobold completely misses you.
You completely miss the kobold. The kobold hits you with a +4 dagger.
The kobold closely misses you.
You closely miss the kobold. The kobold barely misses you.
You hit the kobold but do no damage. Your punch misses the kobold.
The kobold hits you with a +4 dagger.
* * * LOW HITPOINT WARNING * * *
You hit the kobold but do no damage. The kobold hits you with a +4 dagger.
* * * LOW HITPOINT WARNING * * *
The kobold attacks as you move away! The kobold hits you but does no damage.
Sorry, you're not good enough to have a special ability.
You are confused.
You feel invigorated. The kobold hits you with a +4 dagger.
You die...

..# #.# #.# #.#
####.######
#.........##
#.##.###...# #.
#.# ###'#
#.##@#####.##
#..K....#8.8#
###....#####.##
+..........##.##
####....####8.8#
##.#.# ##.##
###># ##.## #.#
#8.8# #### ##.##
#


You could see a kobold.

Vanquished Creatures
  A rat (D:1)
1 creature vanquished.

Notes
Turn   | Place    | Note
-------+----------+-------------------------------------------
     0 | D:1      | Silvore the Demonspawn Monk began the quest for the Orb.
     0 | D:1      | Reached XP level 1. HP: 18/18 MP: 1/1
   184 | D:1      | Slain by a kobold

Illustrated notes

Levels and vault maps discovered:
D:1:      wander_arrival_lonely_grave, layout_loops_corners,
          hellmonk_ecumenical_altar_pennies_from_heaven,
          minmay_misc_feat_more_columns, dk_noncrumbling_2, minivault_19

Action                   || total
-------------------------++-------
Melee: Hand axe          ||    12
  Use: Potion            ||     1
Armor: Robe              ||     2
Dodge: Dodged            ||     7
